 Dungeon Crawl Stone Soup version 0.31-a0-152-g6aa68a64a1 (webtiles) character file.

Game seed: 3317722349799259388

3313 qw the Cleaver (level 10, 0/63 HPs)
             Began as a Gargoyle Fighter on June 10, 2023.
             Slain by an orc wizard
             ... wielding the +8 trident "Kuffuod" {pain, Str+3 Dex+3}
              (13 damage)
             ... on level 8 of the Dungeon.
             The game lasted 00:17:53 (15242 turns).

qw the Cleaver (Gargoyle Fighter)                  Turns: 15242, Time: 00:17:54

Health: 0/63       AC: 24    Str: 23    XL:     10   Next: 1%
Magic:  10/10      EV:  7    Int: 10    God:
Gold:   357        SH:  0    Dex:  9    Spells: 9/9 levels left

rFire   + . .        Y - +2 war axe
rCold   . . .        c - +0 buckler
rNeg    + . .        q - +0 plate armour
rPois   inf          (no helmet)
rElec   +            o - +2 cloak
rCorr   .            (no gloves)
SInv    .            p - +0 pair of boots
Will    .....        (no amulet) Stlth
                     a - ring of protection from fire
HPRegen 0.30/turn    (no ring)
MPRegen 0.12/turn

%: no passive effects
@: confused
A: sickness immunity, AC +7, negative energy resistance 1, electricity
resistance, torment resistance 1, petrification resistance
a: no special abilities


You were on level 8 of the Dungeon.
You visited 2 branches of the dungeon, and saw 9 of its levels.

You collected 357 gold pieces.


Innate Abilities, Weirdness & Mutations

You are immune to sickness and miasma.
Your stone body is resilient. (AC +7)
You are immune to poison.
You resist negative energy. (rN+)
You are resistant to electric shocks. (rElec)
You are resistant to unholy torment.
You are immune to petrification.


   Skills:
 + Level 7.6 Fighting
 - Level 10.0 Axes
 - Level 1.7 Throwing
 - Level 6.0 Armour
 - Level 1.7 Dodging
 - Level 4.1 Shields


You had 9 spell levels left.
You didn't know any spells.
Your spell library was empty.

Inventory:

Hand Weapons
 n - a +1 flail of protection
 Y - a +2 war axe (weapon)
Armour
 c - a +0 buckler (worn)
 g - a +4 ring mail of fire resistance
 o - a +2 cloak (worn)
 p - a +0 pair of boots (worn)
 q - a +0 plate armour (worn)
Jewellery
 a - a ring of protection from fire (left hand)
Scrolls
 j - 2 scrolls of identify
 l - a scroll of teleportation
Potions
 b - a potion of haste
 d - a potion of might
 f - a potion of resistance
 i - a potion of ambrosia {unknown}
 k - a potion of mutation {unknown}
 m - a potion of cancellation {unknown}

Dungeon Overview and Level Annotations

Branches:
Dungeon (8/15)             Temple (1/1) D:5
   Lair: D:8-11

Altars:
Ashenzari
Cheibriados
Dithmenos
Elyvilon
Fedhas
Gozag
Hepliaklqana
Kikubaaqudgha
Makhleb
Nemelex Xobeh
Qazlal
Ru
Sif Muna
Trog
Uskayaw
Vehumet
Wu Jian
Xom
Yredelemnul
Zin
The Shining One

Shops:
D:4 :   D:7 :

Annotations:
D:7 3 runed translucent doors, exclusions: 2 dart slugs and orc priest, qw's ghost, novice NaHu


Message History

You slash the purple ugly thing!
The purple ugly thing stings you but does no damage.
Something hits you but does no damage.
You writhe in agony.
The gnoll bouda gazes fiercely through you!
You feel as though you will be weak longer.
The gnoll bouda hits you but does no damage.
You hit the purple ugly thing.
The purple ugly thing is heavily wounded.
You hit the gnoll bouda but do no damage.
The purple ugly thing stings you but does no damage.
Something hits you but does no damage. The gnoll bouda barely misses you.
You hit the purple ugly thing.
The purple ugly thing is severely wounded.
You barely miss the gnoll bouda.
The purple ugly thing stings you but does no damage.
Something hits you but does no damage. The gnoll bouda barely misses you.
You barely miss the purple ugly thing.
The purple ugly thing is severely wounded.
You completely miss the gnoll bouda.
The purple ugly thing stings you but does no damage.
You hear some strange, mumbled words.
You are confused.
The gnoll bouda hits you but does no damage.
The purple ugly thing stings you but does no damage.
Something hits you but does no damage.
The gnoll bouda hits you with a +0 club.
The purple ugly thing stings you but does no damage.
Something hits you.
The gnoll bouda hits you but does no damage.
Your attacks no longer feel as feeble.
The purple ugly thing stings you but does no damage.
The gnoll bouda closely misses you. Something hits you but does no damage.
The purple ugly thing stings you but does no damage.
You hear some strange, mumbled words.
A puff of flame appears from out of thin air!
The puff of flame hits you. You resist.
The gnoll bouda hits you with a +0 club.
The purple ugly thing barely misses you.
Something hits you!
You die...

#.. . #. #.#### #'## ##.....
.$.## #..##.# ...## #..##.# #. #
...# .# #..##.# ###.
##.##..###..# ##...... ....
.#..gu[...# #...##.# #
#..##o##.@# ##...##.# ##
#...#.#{..# ##...###.. .###
#.......## ###....# #..
...#######...).#######...#.## #..
##.....#####'#####.....###.# #..
##.#.#.............#.#.###.####..
##.#.##.)...####.#.#.............
##.#.##..#..###....#######.#####.
##...................## #.# ##


You could see a purple ugly thing and a gnoll bouda.

Vanquished Creatures
  A wraith (D:7)
  3 steam dragons
  3 orc warriors (D:7)
  3 sky beasts
  An ice beast (D:8)
  A centaur (D:8)
  4 ogres
  3 kobold brigands
  A gnoll sergeant (D:5)
  A bullfrog (D:8)
  A scorpion (D:4)
  4 wights (D:6)
  3 electric eels (D:7)
  A howler monkey (D:8)
  5 hounds
  2 jellies
  3 orc priests
  A gnoll bouda (D:5)
  Jessica (D:2)
  A sleepcap (D:4)
  2 iguanas
  6 orc wizards
  8 gnolls (D:5)
  7 adders
  A shadow imp (D:6)
  2 white imps
  2 ufetubi
  5 worms
  14 dart slugs
  25 orcs
  7 ball pythons
  4 endoplasms
  2 giant cockroaches
  6 goblins
  10 hobgoblins
  10 jackals
  20 kobolds
  A quokka (D:3)
  6 bats
  3 frilled lizards
  4 rats
188 creatures vanquished.

Vanquished Creatures (others)
  A centaur (D:8)
1 creature vanquished.

Grand Total: 189 creatures vanquished

Notes
Turn   | Place    | Note
-------+----------+-------------------------------------------
     0 | D:1      | qw the Gargoyle Fighter began the quest for the Orb.
     0 | D:1      | Reached XP level 1. HP: 14/14 MP: 1/1
     0 | D:1      | 0 ||| qw: Version: 0.2-a-123-gb51047a
     0 | D:1      | 0 ||| qw: Game counter: 3811
     0 | D:1      | 0 ||| qw: Always use a shield: true
     0 | D:1      | 0 ||| qw: God list: Okawaru
     0 | D:1      | 0 ||| qw: Allow faded altars: false
     0 | D:1      | 0 ||| qw: Do Orc after D:15 true
     0 | D:1      | 0 ||| qw: Do second Lair branch before Depths: true
     0 | D:1      | 0 ||| qw: Lair rune preference: random
     0 | D:1      | 0 ||| qw: Plans: Normal, Zot:1-4, Slime:5, God:TSO, Crypt,
                  | Tomb, Abyss, Pan, Hells, Win
     0 | D:1      | 0 ||| PLANNING D:1-11
    10 | D:1      | Reached skill level 2 in Axes
    21 | D:1      | Found a faded altar of an unknown god.
    33 | D:1      | Reached XP level 2. HP: 19/19 MP: 2/2
   127 | D:1      | 127 ||| FLEEEEING.
   129 | D:1      | 129 ||| FLEEEEING.
   130 | D:1      | 130 ||| FLEEEEING.
   131 | D:1      | 131 ||| FLEEEEING.
   132 | D:1      | 132 ||| FLEEEEING.
   133 | D:1      | 133 ||| FLEEEEING.
   134 | D:1      | 134 ||| FLEEEEING.
   135 | D:1      | 135 ||| FLEEEEING.
   165 | D:1      | 165 ||| DROPPING +0 club.
   232 | D:1      | 232 ||| Stepping ~*~*~tactically~*~*~ (hiding).
   268 | D:1      | Reached skill level 3 in Axes
   291 | D:1      | Reached XP level 3. HP: 23/23 MP: 3/3
   600 | D:1      | 600 ||| Stepping ~*~*~tactically~*~*~ (hiding).
   639 | D:1      | 639 ||| FLEEEEING.
   649 | D:1      | 649 ||| Stepping ~*~*~tactically~*~*~ (hiding).
   745 | D:1      | 745 ||| DROPPING scarf of shadows.
   746 | D:1      | 746 ||| UPGRADING to +0 chain mail.
   756 | D:1      | 756 ||| DROPPING +0 scale mail.
   757 | D:1      | 757 ||| READING scroll labelled BOFESO ZOHUI.
   758 | D:1      | 758 ||| READING scroll labelled XINELA BUFUUN.
   759 | D:1      | 759 ||| READING scroll labelled TITHRUGRIDA.
   760 | D:1      | 760 ||| READING 2 scrolls labelled FIXIAB SEMO.
   761 | D:1      | 761 ||| READING scroll labelled IMINARO JYEL.
   766 | D:1      | 766 ||| READING scroll labelled BINGYSU ASIL.
   767 | D:1      | 767 ||| DROPPING scroll of noise.
   800 | D:2      | Noticed Jessica
   812 | D:2      | Killed Jessica
   813 | D:2      | Reached XP level 4. HP: 21/28 MP: 4/4
   872 | D:2      | 872 ||| Stepping ~*~*~tactically~*~*~ (stealth).
   875 | D:2      | Reached skill level 4 in Axes
   942 | D:2      | 942 ||| Stepping ~*~*~tactically~*~*~ (stealth).
   944 | D:2      | 944 ||| Stepping ~*~*~tactically~*~*~ (stealth).
   945 | D:2      | 945 ||| Stepping ~*~*~tactically~*~*~ (stealth).
   956 | D:2      | 956 ||| Stepping ~*~*~tactically~*~*~ (stealth).
   957 | D:2      | 957 ||| Stepping ~*~*~tactically~*~*~ (stealth).
   958 | D:2      | 958 ||| Stepping ~*~*~tactically~*~*~ (stealth).
  1098 | D:2      | 1098 ||| Stepping ~*~*~tactically~*~*~ (hiding).
  1099 | D:2      | 1099 ||| Stepping ~*~*~tactically~*~*~ (hiding).
  1102 | D:2      | 1102 ||| Stepping ~*~*~tactically~*~*~ (hiding).
  1362 | D:2      | 1362 ||| Stepping ~*~*~tactically~*~*~ (hiding).
  1559 | D:2      | 1559 ||| UPGRADING to ring of protection from fire.
  1560 | D:2      | 1560 ||| READING scroll labelled SEORAL RUVYIN.
  1561 | D:2      | 1561 ||| READING scroll labelled OMATINUNTO.
  1562 | D:2      | 1562 ||| DRINKING 2 blue potions.
  1663 | D:3      | 1663 ||| DRINKING potion of curing.
  1663 | D:3      | 1663 ||| (to cure confusion)
  1694 | D:3      | Reached XP level 5. HP: 13/32 MP: 5/5
  1769 | D:3      | 1769 ||| DROPPING +0 whip.
  1954 | D:3      | Reached skill level 5 in Axes
  2078 | D:3      | 2078 ||| Stepping ~*~*~tactically~*~*~ (stealth).
  2079 | D:3      | 2079 ||| Stepping ~*~*~tactically~*~*~ (stealth).
  2167 | D:3      | 2167 ||| Stepping ~*~*~tactically~*~*~ (stealth).
  2344 | D:3      | 2344 ||| READING 2 scrolls labelled ELIOTO DIONO.
  2345 | D:3      | 2345 ||| READING 2 scrolls of identify.
  2345 | D:3      | 2345 ||| IDENTIFYING murky sapphire potion
  2346 | D:3      | 2346 ||| DROPPING potion of degeneration.
  2347 | D:3      | 2347 ||| DROPPING scroll of blinking.
  2414 | D:4      | Found Guheom's Book Shoppe.
  2480 | D:4      | Found a stormy altar of Qazlal.
  2503 | D:4      | Reached XP level 6. HP: 38/38 MP: 6/6
  2656 | D:4      | Found a white marble altar of Elyvilon.
  2685 | D:4      | 2685 ||| Stepping ~*~*~tactically~*~*~ (stealth).
  3032 | D:4      | Reached skill level 6 in Axes
  3043 | D:4      | Reached skill level 1 in Dodging
  3043 | D:4      | Reached XP level 7. HP: 17/43 MP: 7/7
  3497 | D:4      | 3497 ||| READING scroll labelled APTAOB FEASOT.
  3647 | D:5      | Entered Level 5 of the Dungeon
  3770 | D:5      | HP: 8/43 [gnoll/+1 flail of protection[a gnoll bouda] (5)]
  3785 | D:5      | HP: 7/43 [gnoll/+0 flail[a gnoll bouda] (1)]
  3790 | D:5      | HP: 6/43 [gnoll/+0 flail[a gnoll bouda] (2)]
  3934 | D:5      | 3934 ||| DROPPING +0 mace.
  3935 | D:5      | 3935 ||| DROPPING +0 flail.
  3993 | D:5      | HP: 1/43 [ogre/+0 giant club (13)]
  3995 | D:5      | Reached skill level 7 in Axes
  4243 | D:5      | 4243 ||| Stepping ~*~*~tactically~*~*~ (stealth).
  4244 | D:5      | 4244 ||| Stepping ~*~*~tactically~*~*~ (stealth).
  4532 | D:5      | HP: 1/44 [ogre/+0 giant club (14)]
  4534 | D:5      | Reached skill level 1 in Throwing
  4534 | D:5      | Reached XP level 8. HP: 1/49 MP: 8/8
  4862 | D:5      | Found a staircase to the Ecumenical Temple.
  4863 | D:5      | 4863 ||| PLANNING TEMPLE
  4863 | D:5      | 4863 ||| Stepping ~*~*~tactically~*~*~ (hiding).
  4904 | Temple   | Entered the Ecumenical Temple
  5023 | Temple   | 5023 ||| PLANNING D:1-11
  5328 | D:6      | 5328 ||| FLEEEEING.
  5329 | D:6      | 5329 ||| FLEEEEING.
  5480 | D:6      | Reached skill level 8 in Axes
  5670 | D:6      | HP: 6/49 [ogre/+0 giant spiked club (16)]
  5907 | D:6      | Reached skill level 6 in Fighting
  6330 | D:6      | 6330 ||| DROPPING orb of light.
  6331 | D:6      | 6331 ||| UPGRADING to +2 cloak.
  6336 | D:6      | 6336 ||| UPGRADING to +0 plate armour.
  6346 | D:6      | 6346 ||| DROPPING +0 chain mail.
  6347 | D:6      | 6347 ||| READING scroll labelled QOIM TEGOUHUAMM.
  6348 | D:6      | 6348 ||| READING 2 scrolls labelled TOVO KUFAATH.
  6349 | D:6      | 6349 ||| READING scroll of enchant weapon.
  6349 | D:6      | 6349 ||| ENCHANTING +1 war axe.
  6350 | D:6      | 6350 ||| READING 2 scrolls of identify.
  6350 | D:6      | 6350 ||| IDENTIFYING murky orange potion
  6375 | D:7      | 6375 ||| Stepping ~*~*~tactically~*~*~ (hiding).
  6376 | D:7      | 6376 ||| Stepping ~*~*~tactically~*~*~ (hiding).
  6377 | D:7      | 6377 ||| Stepping ~*~*~tactically~*~*~ (hiding).
  6378 | D:7      | 6378 ||| Stepping ~*~*~tactically~*~*~ (hiding).
  6379 | D:7      | 6379 ||| Stepping ~*~*~tactically~*~*~ (hiding).
  6387 | D:7      | Reached XP level 9. HP: 47/55 MP: 9/9
  6462 | D:7      | 6462 ||| Stepping ~*~*~tactically~*~*~ (hiding).
  6578 | D:7      | Found Agouj's Book Boutique.
  6616 | D:7      | 6616 ||| Stepping ~*~*~tactically~*~*~ (hiding).
  6627 | D:7      | 6627 ||| Stepping ~*~*~tactically~*~*~ (hiding).
  6644 | D:7      | Reached skill level 9 in Axes
  6660 | D:7      | 6660 ||| FLEEEEING.
  6661 | D:7      | 6661 ||| FLEEEEING.
  6745 | D:7      | 6745 ||| Stepping ~*~*~tactically~*~*~ (stealth).
  6746 | D:7      | 6746 ||| FLEEEEING.
  6747 | D:7      | 6747 ||| FLEEEEING.
  6749 | D:7      | 6749 ||| FLEEEEING.
  6752 | D:7      | 6752 ||| STAIRDANCE
  6796 | D:6      | 6796 ||| READING 2 scrolls of identify.
  6796 | D:6      | 6796 ||| IDENTIFYING lumpy golden potion
  6850 | D:7      | 6850 ||| Stepping ~*~*~tactically~*~*~ (stealth).
  6852 | D:7      | 6852 ||| Stepping ~*~*~tactically~*~*~ (stealth).
  6865 | D:7      | 6865 ||| DRINKING 3 potions of curing.
  6865 | D:7      | 6865 ||| (to cure confusion)
  6866 | D:7      | 6866 ||| Stepping ~*~*~tactically~*~*~ (hiding).
  6868 | D:7      | 6868 ||| DRINKING 2 potions of curing.
  6868 | D:7      | 6868 ||| (to cure confusion)
  6879 | D:7      | 6879 ||| Stepping randomly (disturbance).
  6880 | D:7      | 6880 ||| Stepping randomly (disturbance).
  6901 | D:7      | 6901 ||| FLEEEEING.
  6902 | D:7      | 6902 ||| FLEEEEING.
  7040 | D:7      | 7040 ||| UPGRADING to +0 pair of boots.
  7054 | D:7      | 7054 ||| Stepping ~*~*~tactically~*~*~ (hiding).
  7244 | D:7      | Noticed qw's ghost (novice NaHu)
  7247 | D:7      | Noticed a boulder beetle
  7253 | D:7      | Found a runed translucent gate.
  7253 | D:7      | Found a runed translucent gate.
  7255 | D:7      | Found a runed translucent gate.
  7261 | D:7      | 7261 ||| Stepping ~*~*~tactically~*~*~ (hiding).
  7585 | D:7      | 7585 ||| FLEEEEING.
  7591 | D:7      | 7591 ||| FLEEEEING.
  7592 | D:7      | 7592 ||| FLEEEEING.
  7593 | D:7      | 7593 ||| FLEEEEING.
  7594 | D:7      | 7594 ||| FLEEEEING.
  7603 | D:7      | 7603 ||| FLEEEEING.
  7604 | D:7      | 7604 ||| FLEEEEING.
  7605 | D:7      | 7605 ||| FLEEEEING.
  7606 | D:7      | 7606 ||| FLEEEEING.
  7607 | D:7      | 7607 ||| FLEEEEING.
  7608 | D:7      | 7608 ||| FLEEEEING.
  7613 | D:7      | 7613 ||| FLEEEEING.
  7614 | D:7      | 7614 ||| FLEEEEING.
  7615 | D:7      | 7615 ||| FLEEEEING.
  7616 | D:7      | 7616 ||| FLEEEEING.
  7617 | D:7      | 7617 ||| FLEEEEING.
  7618 | D:7      | 7618 ||| FLEEEEING.
  7619 | D:7      | 7619 ||| FLEEEEING.
  7620 | D:7      | 7620 ||| FLEEEEING.
  7621 | D:7      | 7621 ||| FLEEEEING.
  7622 | D:7      | 7622 ||| FLEEEEING.
  7624 | D:7      | 7624 ||| FLEEEEING.
  7625 | D:7      | 7625 ||| FLEEEEING.
  7626 | D:7      | 7626 ||| FLEEEEING.
  7627 | D:7      | 7627 ||| FLEEEEING.
  7628 | D:7      | 7628 ||| FLEEEEING.
  7629 | D:7      | 7629 ||| FLEEEEING.
  7630 | D:7      | 7630 ||| FLEEEEING.
  8299 | D:7      | Found an ornate altar of the Wu Jian Council.
 14629 | D:7      | 14629 ||| PLANNING D:1-11
 14669 | D:7      | 14669 ||| PLANNING D:1-11
 14737 | D:8      | Reached skill level 6 in Armour
 14858 | D:8      | 14858 ||| DRINKING potion of curing.
 14858 | D:8      | 14858 ||| (to cure confusion)
 15173 | D:8      | 15173 ||| Stepping ~*~*~tactically~*~*~ (hiding).
 15185 | D:8      | 15185 ||| PLANNING D:1-11
 15191 | D:8      | Reached skill level 10 in Axes
 15205 | D:8      | Identified the +8 trident "Kuffuod" {pain, Str+3 Dex+3}
 15206 | D:8      | 15206 ||| Stepping ~*~*~tactically~*~*~ (stealth).
 15209 | D:8      | 15209 ||| Stepping ~*~*~tactically~*~*~ (stealth).
 15211 | D:8      | 15211 ||| Stepping ~*~*~tactically~*~*~ (stealth).
 15212 | D:8      | 15212 ||| Stepping ~*~*~tactically~*~*~ (stealth).
 15213 | D:8      | 15213 ||| Stepping ~*~*~tactically~*~*~ (hiding).
 15221 | D:8      | Noticed a purple ugly thing
 15227 | D:8      | Reached XP level 10. HP: 53/63 MP: 10/10
 15241 | D:8      | HP: 13/63 [gnoll bouda/+0 club (6)]
 15242 | D:8      | Slain by an orc wizard

Levels and vault maps discovered:
D:1:      onia_arrival_pentagram, layout_loops_ring, basic_ecumenical_altar
D:2:      layout_rooms, uniq_jessica
D:3:      layout_basic
D:4:      layout_loops_corners, mainiacjoe_overflow_catwalk_spiral,
          serial_shops, nicolae_shop_behind_doors
D:5:      layout_basic, minmay_temple_entry_proselytizer
D:6:      layout_basic
D:7:      kennysheep_slugbush, layout_basic,
          nicolae_wu_jian_immortal_techniques, gammafunk_ghost_split,
          nicolae_take_the_stairs
D:8:      minmay_the_grid_plus_closed [minmay_the_grid_tiny_cups,
          minmay_the_grid_rooms, minmay_the_grid_large_cup,
          minmay_the_grid_plusring, minmay_the_grid_prize_trominoes],
          layout_loops_ring
Temple:   regret_index_temple_chain_breaker

Skill      XL: |  1  2  3  4  5  6  7  8  9 |
---------------+----------------------------+-----
Axes           | 2 3 4 5 6 7 8 10 | 10.0
Fighting       | 4 5 6 7 |  7.6
Dodging        | 1 |  1.7
Throwing       | 1 |  1.7
Armour         | 4 6 |  6.0
Shields        | 4 |  4.1

Action                     |  1- 3 |  4- 6 |  7- 9 | 10-12 || total
---------------------------+-------+-------+-------+-------++-------
  Melee: War axe           |    84 |   190 |   448 |    11 ||   733
  Throw: Boomerang         |       |    47 |    20 |       ||    67
    Use: Scroll            |     6 |     4 |     6 |       ||    16
         Potion            |       |     2 |     3 |       ||     5
 Armour: Scale mail        |    38 |       |       |       ||    38
         Chain mail        |    13 |   132 |    92 |       ||   237
         Plate armour      |       |       |   218 |    25 ||   243
  Dodge: Dodged            |    38 |    66 |   131 |     9 ||   244
  Block: Buckler           |    23 |    33 |    77 |       ||   133

Table legend:
 A = Non-vault XP
 B = Vault XP
 C = Vault XP percentage of total XP
 D = Non-vault monster count
 E = Vault monster count
 F = Vault count percentage of total count
                 A         B        C        D         E       F
            +---------+---------+-------+---------+---------+-------
      Total |    4392 |     342 |   7.2 |     175 |      14 |   7.4
            +---------+---------+-------+---------+---------+-------
        D:1 |      52 |       0 |   0.0 |      29 |       0 |   0.0
        D:2 |      52 |      37 |  41.6 |      20 |       1 |   4.8
        D:3 |     122 |       0 |   0.0 |      28 |       0 |   0.0
        D:4 |     424 |       0 |   0.0 |      20 |       0 |   0.0
        D:5 |     635 |      41 |   6.1 |      17 |       1 |   5.6
        D:6 |     885 |       0 |   0.0 |      17 |       0 |   0.0
        D:7 |    1617 |      40 |   2.4 |      33 |      10 |  23.3
        D:8 |     605 |     224 |  27.0 |      11 |       2 |  15.4
            +---------+---------+-------+---------+---------+-------
